 Dungeon Crawl Stone Soup version 0.20-a0-1118-g35a2cd3 (webtiles) character file.

438 M4edhros the Sneak (level 7, -3/45 HPs)
             Began as an Octopode Artificer on May 10, 2017.
             Was an Initiate of Fedhas.
             Splashed by a jelly's acid (6 damage)
             ... on level 5 of the Dungeon.
             The game lasted 00:07:09 (2420 turns).

M4edhros the Sneak (Octopode Artificer)             Turns: 2420, Time: 00:07:10

Health: -3/45      AC: -15   Str: 11    XL:     7   Next: 1%
Magic:  9/9        EV: 14    Int: 13    God:    Fedhas [......]
Gold:   66         SH:  0    Dex: 15    Spells: 6/6 levels left

rFire    . . .     SeeInvis .   m - +1 scythe (freeze)
rCold    . . .     Gourm    .   (shield currently unavailable)
rNeg     . . .     Faith    .   (helmet restricted)
rPois    .         Spirit   .   (no amulet)
rElec    .         Reflect  .   (no ring)
rCorr    .         Harm     .   (no ring)
MR       .....                  (no ring)
Stlth    +++++.....             (no ring)
Regen    0.2/turn               (no ring)
MPRegen  0.2/turn               (no ring)
                                (no ring)
                                (no ring)

@: corroded
A: almost no armour, stealthy swim, amphibious, 8 rings, constrict 8, camouflage
1, gelatinous body 1
a: Fungal Bloom, Renounce Religion


You were on level 5 of the Dungeon.
You worshipped Fedhas.
Fedhas was noncommittal.
You were hungry.

You visited 2 branches of the dungeon, and saw 6 of its levels.

You collected 66 gold pieces.

Inventory:

Hand Weapons
 a - a +0 short sword
 j - a +0 dagger of venom
 m - a +1 scythe of freezing (weapon)
 o - a +0 mace of protection
 v - a +2 short sword of venom
Armour
 s - a +0 large shield
Wands
 b - a wand of flame (9/48)
 c - a wand of enslavement (10/24)
 d - a wand of random effects (15/48)
Scrolls
 h - a scroll of identify
 r - 5 scrolls of remove curse
Potions
 g - a potion of haste {unknown}
 k - a potion of degeneration {unknown}
 l - 2 potions of flight
 q - a potion of resistance {unknown}
 t - a potion of curing {unknown}
Comestibles
 f - 3 bread rations
 n - 2 meat rations
 w - a royal jelly


   Skills:
 + Level 2.2 Fighting
 - Level 1.0 Short Blades
 * Level 2.6 Polearms
 + Level 3.0 Dodging
 * Level 7.9 Stealth
 - Level 3.2 Evocations


You had 6 spell levels left.
You didn't know any spells.

Dungeon Overview and Level Annotations

Branches:
Dungeon (5/15)             Temple (1/1) D:5

Altars:
Ashenzari
Cheibriados
Dithmenos
Elyvilon
Fedhas
Gozag
Hepliaklqana
Kikubaaqudgha
Makhleb
Okawaru
Ru
Sif Muna
Trog
Uskayaw
Vehumet
Wu Jian
Xom
Yredelemnul
Zin
The Shining One

Shops:
D:4 (


Innate Abilities, Weirdness & Mutations

You cannot wear most types of armour.
You are very stealthy in the water. (Stealth+)
You are amphibious.
You can wear up to eight rings at the same time.
You can use your tentacles to constrict eight enemies at once.
Your skin changes colour to match your surroundings (Stealth+).
Your rubbery body absorbs attacks. (AC +1, EV +1)


Message History

Aiming: Throw Flame
Press: ? - help, Shift-Dir - straight line That beam is likely to hit you.
Continue anyway?
Okay, then.
Unknown command.
Okay, then.
Evoke which item? (* to show all) (? for menu, Esc to quit)
Aiming: Throw Flame
Press: ? - help, Shift-Dir - straight line
Okay, then.
Evoke which item? (* to show all) (? for menu, Esc to quit)
Aiming: Throw Flame
Press: ? - help, Shift-Dir - straight line The puff of flame hits the jelly.
The jelly is severely wounded.
This wand has 9 charges left.
The jelly hits you.
* * * LOW HITPOINT WARNING * * *
The acid corrodes you!
You are splashed with acid!
The acid burns!
You die...
Fedhas appreciates your contribution to the ecosystem.

#. .....# #....... #.......#
#....... ##.#.....# # ._......#
#.#.#....(#
#############.#.......#
............#.........# # ##
............###.J.....# ###+##.#.
............# #.@.....# #....#.#.
............# #.......# #....#...
............# #.......###....# #.
........>...#######.....#....###.
....[(............'..............
............#######.....#....####
............# #.....#....#
............# #######....#
............# #....#


You could see a jelly.

Vanquished Creatures
  Sigmund (D:2)
  An ice beast (D:5)
  An orc priest (D:4)
  Terence (D:2)
  An orc wizard (D:5)
  2 worker ants (D:4)
  2 adders
  2 oozes
  A worm (D:3)
  6 orcs
  4 giant cockroaches
  3 goblins
  3 hobgoblins
  6 jackals
  2 kobolds (D:1)
  2 frilled lizards
  A rat (D:3)
39 creatures vanquished.

Vanquished Creatures (collateral kills)
  A bat (D:3)
  A kobold (D:3)
2 creatures vanquished.

Vanquished Creatures (others)
  A jackal (D:3)
1 creature vanquished.

Grand Total: 42 creatures vanquished

Notes
Turn   | Place    | Note
-------+----------+-------------------------------------------
     0 | D:1      | M4edhros the Octopode Artificer began the quest for the Orb.
     0 | D:1      | Reached XP level 1. HP: 13/13 MP: 3/3
    81 | D:1      | Reached skill level 2 in Stealth
   153 | D:1      | Reached XP level 2. HP: 13/18 MP: 4/4
   162 | D:2      | Noticed Terence
   171 | D:2      | Killed Terence
   171 | D:2      | Reached skill level 4 in Stealth
   171 | D:2      | Reached XP level 3. HP: 12/23 MP: 5/5
   227 | D:2      | Found a deep blue altar of Sif Muna.
   291 | D:2      | Found an ancient bone altar of Kikubaaqudgha.
   325 | D:2      | Noticed Sigmund
   671 | D:2      | Killed Sigmund
   671 | D:2      | Reached skill level 7 in Stealth
   671 | D:2      | Reached XP level 4. HP: 10/28 MP: 6/6
   671 | D:2      | Reached XP level 5. HP: 12/33 MP: 7/7
  1064 | D:3      | Reached skill level 1 in Polearms
  1147 | D:3      | Reached XP level 6. HP: 23/38 MP: 8/8
  1351 | D:4      | Found a shimmering altar of Xom.
  1351 | D:4      | Found a sacrificial altar of Ru.
  1365 | D:4      | Found Ivoxziwoige's Antique Weapon Shoppe.
  2013 | D:5      | Entered Level 5 of the Dungeon
  2108 | D:5      | Noticed an ice beast
  2119 | D:5      | Found a staircase to the Ecumenical Temple.
  2127 | D:5      | Killed an ice beast
  2127 | D:5      | Reached XP level 7. HP: 27/45 MP: 9/9
  2141 | Temple   | Entered the Ecumenical Temple
  2301 | Temple   | Became a worshipper of Fedhas Madash
  2408 | D:5      | Found a snail-covered altar of Cheibriados.
  2420 | D:5      | Splashed by a jelly's acid

Vault maps used:
D:1:      dpeg_arrival_three_bigger_balls
D:2:      minmay_diamond_boxcup, old_standard_altar,
          nicolae_overflow_crystal_walls, minmay_unequal, uniq_sigmund,
          uniq_terence
D:3:      first_bread, hangedman_abyss_or_decor_lesser_grid, serial_bayou_lake_a
D:4:      gammafunk_temple_overflow_pools, serial_shops, shop, led_sif_book,
          uniq_natasha
D:5:      cheibrodos_quashed, lemuel_crystal_altar,
          minmay_temple_entry_large_hall, serial_shops,
          nicolae_shop_overgrown_old_shop, enter_ossuary_2
Temple:   eino_wide_crystal_templ

Skill      XL: |  1  2  3  4  5  6 |
---------------+-------------------+-----
Stealth        | 2 4 7 |  7.9
Polearms       | 1 2 |  2.6
Fighting       | 2 |  2.2
Dodging        | 3 |  3.0
Short Blades   | |  1.0
Evocations     | |  3.2

Action                   |  1- 3 |  4- 6 |  7- 9 || total
-------------------------+-------+-------+-------++-------
Melee: Dagger            |    23 |     2 |       ||    25
       Constrict         |     6 |    13 |       ||    19
       Tentacles         |     3 |     8 |     1 ||    12
       Short sword       |     1 |       |       ||     1
       Scythe            |       |    57 |     4 ||    61
Evoke: Wand              |     1 |     8 |     2 ||    11
  Use: Scroll            |       |     4 |     2 ||     6
       Potion            |       |     3 |       ||     3
 Stab: Sleeping          |     2 |     7 |       ||     9
       Distracted        |     1 |       |       ||     1
  Eat: Chunk             |       |     4 |       ||     4
Armor: Skin              |       |     6 |       ||     6
Dodge: Dodged            |    10 |    63 |     5 ||    78
